 Dungeon Crawl Stone Soup version 0.32-a0-918-g0f22ef8d61 (webtiles) character file.

Game seed: 7366818655734800355

145896 dingusman the Metamorph (level 16, 0/202 (223) HPs)
             Began as a White Draconian Shapeshifter on Apr 11, 2024.
             Was an Initiate of Gozag.
             Succumbed to Aizul's bolt of poison
             ... on level 3 of the Shoals.
             The game lasted 00:44:19 (34186 turns).

dingusman the Metamorph (DrSh)                     Turns: 34186, Time: 00:44:20

HP:   0/202 (223)   AC: 28    Str: 21    XL:     16   Next: 88%
MP:   16/16         EV:  2    Int: 11    God:    Gozag
Gold: 111           SH:  0    Dex: 14    Spells: 15/15 levels left

rFire   . .          .
                       - Unarmed
rCold   . . .        (no shield)
rNeg    . . .        (body armour unavailable)
rPois   +            (helmet currently unavailable)
rElec   .            (cloak currently unavailable)
rCorr   .            l - melded +2 pair of gloves
SInv    .            (boots currently unavailable)
Will    +....        x - amulet of regeneration
Stlth   +            d - +5 ring of evasion
HPRegen 1.33/turn    K - +5 ring of evasion
MPRegen 0.15/turn

%: no passive effects
@: lethally poisoned (0 -> -19), tree-form, mesmerised, hasted, drained, bribing
[the Shoals], quick
A: stationary, stasis, torment immunity, boosted hp, (glacial breath), AC +9,
unfitting armour, (cold resistance 1), (cold-blooded)
a: Renounce Religion, Potion Petition, Call Merchant, Bribe Branch


You were on level 3 of the Shoals.
You worshipped Gozag.
Gozag was aware of your devotion.
You were a tree.
You visited 6 branches of the dungeon, and saw 27 of its levels.
You also visited: Sewer and Bailey.

You collected 8846 gold pieces.
You spent 2100 gold pieces at shops.
You paid 6635 gold pieces to Gozag.

Inventory:

Missiles
 s - 3 throwing nets (quivered)
Armour
 l - a +2 pair of gloves (melded)
 u - a scarf of repulsion
Jewellery
 b - a +6 ring of dexterity
 d - a +5 ring of evasion (left branch)
 h - a ring of protection from cold
 x - an amulet of regeneration (around neck)
 F - a ring of willpower
 K - a +5 ring of evasion (right branch)
 O - a +6 ring of strength
Talismans
 q - a serpent talisman
 H - a storm talisman
 L - a dragon-blood talisman (active)
Wands
 y - a wand of digging (13)
 B - a wand of warping (7)
 I - a wand of mindburst (9)
 J - a wand of flame (21)
Scrolls
 e - a scroll of enchant weapon
 k - a scroll of revelation
 o - a scroll of silence
 E - 5 scrolls of vulnerability
 G - 3 scrolls of immolation
 M - 4 scrolls of poison
 Q - 4 scrolls of teleportation
 R - 4 scrolls of identify
Potions
 a - 2 potions of lignification
 f - a potion of enlightenment
 g - 6 potions of invisibility
 i - a potion of attraction
 n - 9 potions of might
 t - 2 potions of cancellation
 v - 6 potions of brilliance
 w - 3 potions of resistance
 z - 4 potions of haste
 A - 5 potions of mutation
 C - a potion of magic
Miscellaneous
 D - a phantom mirror (inert)
 S - a tin of tremorstones (inert)
 T - a sack of spiders (inert)


   Skills:
 + Level 15.1 Fighting
 + Level 13.0 Dodging
 + Level 14.2 Unarmed Combat
 - Level 6.0 Evocations
 * Level 18.0 Shapeshifting


You had 15 spell levels left.
You didn't know any spells.
Your spell library contained the following spells:

 Spells                   Type           Power      Damage    Failure   Level
 Apportation              Tloc           0%         N/A       34%         1
 Magic Dart               Conj           0%         1d3       34%         1
 Sandblast                Erth           0%         2d4       34%         1
 Sting                    Conj/Alch      0%         1d3       34%         1
 Cigotuvi's Dreadful Rot  Necr/Alch/Air  0%         N/A       47%         2
 Jinxbite                 Hex            0%         N/A       47%         2
 Mercury Vapours          Alch/Air       0%         N/A       47%         2
 Searing Ray              Conj           0%         2d4       47%         2
 Call Canine Familiar     Summ           0%         N/A       71%         3
 Hailstorm                Conj/Ice       0%         3d5       71%         3
 Inner Flame              Hex/Fire       0%         N/A       71%         3
 Passwall                 Erth           0%         N/A       71%         3
 Sigil of Binding         Hex            0%         N/A       71%         3
 Stone Arrow              Conj/Erth      0%         3d7       71%         3
 Summon Ice Beast         Ice/Summ       0%         N/A       71%         3
 Volatile Blastmotes      Fire/Tloc      0%         2d10      71%         3
 Brom's Barrelling Bould  Conj/Erth      0%         2d3       98%         4
 Dimensional Bullseye     Hex/Tloc       0%         N/A       98%         4
 Flame Wave               Conj/Fire      0%         2d4       98%         4
 Fulminant Prism          Conj/Alch      0%         3d5       98%         4
 Ignite Poison            Fire/Alch      0%         N/A       98%         4
 Olgreb's Toxic Radiance  Alch           0%         N/A       98%         4
 Sticky Flame             Fire/Alch      0%         2d4       98%         4
 Vhi's Electric Charge    Tloc/Air       0%         N/A       98%         4
 Alistair's Intoxication  Alch           0%         N/A       100%        5
 Borgnjor's Vile Clutch   Necr/Erth      0%         N/A       100%        5
 Freezing Cloud           Conj/Ice/Air   0%         6-21      100%        5
 Summon Mana Viper        Hex/Summ       0%         N/A       100%        5
 Bombard                  Conj/Erth      0%         9d1       100%        6
 Death Channel            Necr           0%         N/A       100%        6
 Permafrost Eruption      Ice/Erth       0%         2x4d1     100%        6
 Sculpt Simulacrum        Ice/Alch       0%         N/A       100%        6
 Monstrous Menagerie      Summ           0%         N/A       100%        7
 Ozocubu's Refrigeration  Ice            0%         4d7       100%        7
 Polar Vortex             Ice            0%         N/A       100%        9
 Animate Dead             Necr           Unusable   N/A       N/A         4

Dungeon Overview and Level Annotations

Branches:
Dungeon (12/15)            Temple (1/1) D:6            Lair (5/5) D:8
 Shoals (3/4) Lair:2       Spider (4/4) Lair:2        Slime (0/5) Lair:4
    Orc (2/2) D:11            Elf (0/3) Orc:2         Sewer (visited)
 Bailey (visited)

Altars:
Ashenzari
Cheibriados
Dithmenos
Fedhas
Gozag
Hepliaklqana
Kikubaaqudgha
Makhleb
Nemelex Xobeh
Okawaru
Qazlal
Ru
Sif Muna
Trog
Uskayaw
Vehumet
Wu Jian
Xom
Yredelemnul
Zin
The Shining One

Shops:
D:2 [   D:7 ?   D:10 =   Orc:2 =*[[(   Spider:1 *

Annotations:
D:6 2 transporters
D:10 2 transporters, Fodor's ghost, novice MiFi
Shoals:3 Aizul


Innate Abilities, Weirdness & Mutations

You are a tree.
Your roots penetrate the ground, keeping you stationary.
You cannot be teleported.
You are immune to unholy pain and torment.
Your maximum health is greatly increased.
Your equipment is partially melded.
((You can breathe waves of cold which freeze foes solid.))
((Your icy white scales are hard. (AC +9)))
You cannot fit into any form of body armour.
((Your flesh is cold resistant. (rC+)))
((You are cold-blooded and may be slowed by cold attacks.))


Message History

Aizul casts a spell at Aizul.
The bolt of poison misses Aizul.
The merfolk siren chants its luring song.
You maul Aizul!!!
Your tail-slap misses Aizul.
Aizul is moderately wounded.
* * * LOW HITPOINT WARNING * * *
You feel very sick.
The snapping turtle bites you but does no damage.
The merfolk hits you from afar with a +0 trident.
* * * LOW HITPOINT WARNING * * *
Aizul closely misses you.
Aizul barely misses Aizul.
Okay, then.
Your transformation has ended.
Your +2 pair of gloves unmelds from your body.
You turn into a tree.
Your +2 pair of gloves melds into your body.
Your roots penetrate the ground.
You feel strangely stable.
Splash!
You fall into the shallow water.
Moving in this stuff is going to be slow.
* * * LOW HITPOINT WARNING * * *
You feel extremely sick.
Your redback splashes around in the water.
The merfolk siren chants its luring song. x2
Aizul hits you but does no damage.
Your redback splashes around in the water.
Aizul closely misses Aizul.
Okay, then.
You hit Aizul but do no damage.
Aizul is moderately wounded.
* * * LOW HITPOINT WARNING * * *
You feel very sick.
The merfolk hits you but does no damage.
The snapping turtle bites you from afar!
* * * LOW HITPOINT WARNING * * *
Okay, then.
You hit Aizul but do no damage.
Aizul is moderately wounded.
You die...
Your body crumbles into a pile of gold.

≈≈≈≈≈≈≈≈≈≈≈≈≈≈≈≈≈≈≈≈≈≈≈
≈≈≈≈≈≈≈≈≈≈≈≈≈≈≈≈≈≈≈≈≈≈≈
≈≈≈≈≈≈≈≈≈≈≈≈≈≈≈≈≈≈≈≈≈≈≈
≈≈≈≈≈≈≈~~~~~≈≈≈~~~≈≈≈≈≈≈
≈≈≈≈≈~~~~~~~~≈~~~~≈≈#≈≈≈≈
≈≈≈≈≈~~~~.~~~≈~$~~≈≈≈≈≈≈≈
≈≈≈≈~~~....~~~~~~≈≈≈≈≈≈≈≈
≈≈≈≈~~~.#..~~~~~~~≈≈≈≈≈≈~
≈≈≈≈≈~~...~♣st~<~~≈≈≈≈≈≈.
≈≈≈≈≈~~~~~~SSm.~~~≈≈≈≈~~.
≈≈≈≈≈~~~~~..$.~$$$≈~≈~...
~≈≈≈≈~~~~m....$m~≈≈~~....
~~~≈≈~~~...##..~$~~...##≈
~~~≈≈~~~..###.$.~~$s~.##
≈≈≈~~~~......~≈≈m.m...
≈≈≈~~~...~..~$~≈~..~~
~..~~~..~~~~≈≈≈~~~


You could see Aizul (ally target), a snapping turtle, a merfolk (poisoned, ally
target), 2 merfolk sirens, the friendly Aizul (summoned, drained) and a friendly
redback (summoned).

Vanquished Creatures
  Arachne (Spider:2)
  Polyphemus (Shoals:2)
  A kraken (Shoals:1)
  The ghost of Xonoschix the Fetichist, an adept TeAE of Trog (Shoals:1)
  2 orc warlords (Orc:2)
  2 spark wasps (Spider:2)
  8 merfolk impalers
  A hydra (Lair:4)
  2 entropy weavers
  4 merfolk avatars
  2 merfolk aquamancers (Shoals:2)
  3 radroaches
  A two-headed ogre (Orc:1)
  4 boulder beetles
  A catoblepas (Shoals:2)
  A centaur warrior (Shoals:1)
  4 orc high priests (Orc:2)
  7 demonic crawlers
  19 death yaks
  Sonja (Lair:2)
  9 skysharks
  4 pharaoh ants
  8 sea snakes
  4 orb spiders
  2 sun moths
  An obsidian bat (Orc:2)
  5 harpies
  A lindwurm (Lair:3)
  4 orc knights (Orc:2)
  11 wolf spiders
  4 steelbarb worms
  An ugly thing (D:12)
  An oklob plant (Lair:1)
  4 fauns (Shoals:1)
  2 cyclopes
  3 orc sorcerers (Orc:2)
  5 manticores
  A moth of wrath (Spider:3)
  3 meliai (Spider:3)
  5 black mambas
  25 elephants
  2 merfolk sirens
  A gargoyle (D:12)
  2 kobold blastminers (Orc:2)
  A water nymph (Shoals:1)
  Maggie (D:6)
  13 cane toads
  The ghost of EvilEddieB the Grave Robber, a novice DsNe (D:3)
  2 unseen horrors
  4 komodo dragons
  A kobold demonologist (D:12)
  5 rime drakes
  Psyche (D:8)
  A troll (Orc:2)
  4 polar bears
  18 merfolk
  A hornet (Lair:5)
  2 wind drakes
  15 jumping spiders
  8 dream sheep
  22 tarantellas
  20 blink frogs
  4 snapping turtles
  18 culicivoras
  3 wraiths
  10 water elementals
  2 wyverns
  55 yaks
  3 fire bats (Lair:3)
  26 redbacks
  9 basilisks
  4 vampire mosquitoes (D:12)
  6 steam dragons
  A warg (Orc:2)
  4 acid dragons
  13 water moccasins
  5 black bears
  30 orc warriors
  A sky beast (D:6)
  4 ice beasts
  2 laughing skulls (D:8)
  7 centaurs
  5 ogres
  The ghost of jasper the Cudgeller, an amateur DsFi of Okawaru (D:3)
  14 wolves
  The ghost of EvilEddieB the Grave Robber, an amateur DsNe (D:3)
  2 kobold brigands
  2 brain worms (Sewer)
  12 bullfrogs
  2 gnoll sergeants
  A scorpion (D:8)
  10 wights
  14 killer bees
  2 electric eels
  A vampire bat (D:7)
  The ghost of Adrian566 the Sneak, a weakling OpBr (D:3)
  8 howler monkeys
  A gnoll bouda (D:6)
  2 hounds
  4 bombardier beetles
  2 jellies
  24 orc priests
  2 sleepcaps
  2 iguanas
  33 orc wizards
  9 adders
  19 gnolls
  3 river rats
  2 white imps
  3 ufetubi
  4 ribbon worms
  4 dart slugs
  100 orcs
  5 endoplasms
  4 giant cockroaches
  9 hobgoblins
  2 quokkas
  8 ball pythons
  A ball python zombie (D:3)
  17 bats
  5 frilled lizards
  12 goblins
  A jackal zombie (D:3)
  16 kobolds
  12 rats
  4 tentacles (Shoals:1)
887 creatures vanquished.

Vanquished Creatures (collateral kills)
  A merfolk avatar (Shoals:3)
  A water nymph (Shoals:3)
2 creatures vanquished.

Vanquished Creatures (others)
  A skyshark (Lair:5)
  A water moccasin (D:8)
  2 howler monkeys (D:8)
  An orc wizard (Orc:2)
  4 tentacles (Shoals:1)
9 creatures vanquished.

Grand Total: 898 creatures vanquished

Notes
Turn   | Place    | Note
-------+----------+-------------------------------------------
     0 | D:1      | dingusman the Draconian Shapeshifter began the quest for
                  | the Orb.
     0 | D:1      | Reached XP level 1. HP: 16/16 MP: 1/1
   181 | D:1      | Reached XP level 2. HP: 13/23 MP: 2/2
  1234 | D:2      | Reached XP level 3. HP: 25/29 MP: 3/3
  1746 | D:2      | Found Peehoew's Antique Armour Boutique.
  2251 | D:3      | Reached XP level 4. HP: 36/36 MP: 4/4
  2575 | D:3      | Found a glowing drain.
  2593 | Sewer    | Entered a sewer
  2615 | Sewer    | Noticed a brain worm
  2632 | Sewer    | Killed a brain worm
  2633 | Sewer    | Reached skill level 4 in Shapeshifting
  2633 | Sewer    | Reached XP level 5. HP: 38/44 MP: 1/5
  2807 | Sewer    | Reached XP level 6. HP: 51/51 MP: 6/6
  3004 | D:3      | Found a basalt altar of Yredelemnul.
  3015 | D:3      | Found a runed translucent gate.
  3019 | D:3      | Found a runed translucent gate.
  3019 | D:3      | Found a runed translucent gate.
  3051 | D:3      | Noticed Adrian566's ghost (weakling OpBr)
  3051 | D:3      | Noticed EvilEddieB's ghost (amateur DsNe)
  3051 | D:3      | Noticed EvilEddieB's ghost (novice DsNe)
  3051 | D:3      | Noticed jasper's ghost (amateur DsFi)
  3407 | D:3      | Killed EvilEddieB's ghost
  3408 | D:3      | Reached skill level 5 in Shapeshifting
  3408 | D:3      | Your scales start taking on an icy white colour.
  3408 | D:3      | Reached XP level 7. HP: 31/58 MP: 7/7
  3408 | D:3      | Gained mutation: Your flesh is cold resistant. (rC+) [White
                  | Draconian growth]
  3414 | D:3      | Killed EvilEddieB's ghost
  3421 | D:3      | Killed jasper's ghost
  3424 | D:3      | Killed Adrian566's ghost
  4103 | D:4      | Reached skill level 5 in Unarmed Combat
  4173 | D:4      | You fall into a shaft and drop 3 floors!
  4197 | D:6      | Found a staircase to the Ecumenical Temple.
  4205 | Temple   | Entered the Ecumenical Temple
  4278 | D:6      | Noticed a steam dragon
  4283 | D:6      | Killed a steam dragon
  4284 | D:6      | Reached skill level 6 in Shapeshifting
  4284 | D:6      | Reached XP level 8. HP: 56/67 MP: 8/8
  4312 | D:5      | Entered Level 5 of the Dungeon
  4657 | D:5      | Found a snail-covered altar of Cheibriados.
  4658 | D:5      | Found an opulent altar of Gozag.
  4663 | D:5      | Became a worshipper of Gozag Ym Sagoz the Greedy
  4815 | D:5      | Reached skill level 5 in Fighting
  5411 | D:6      | Noticed Maggie
  5419 | D:6      | Killed Maggie
  5420 | D:6      | Reached skill level 5 in Dodging
  5420 | D:6      | Reached skill level 7 in Shapeshifting
  5457 | D:6      | Reached XP level 9. HP: 45/75 MP: 9/9
  5531 | D:6      | Found an ornate altar of the Wu Jian Council.
  5613 | D:6      | Found a transporter.
  5669 | D:6      | Found a transporter.
  6083 | D:6      | Found a sacrificial altar of Ru.
  6294 | D:7      | Reached skill level 8 in Shapeshifting
  6476 | D:7      | Found a shimmering altar of Xom.
  6500 | D:7      | Found a bloodstained altar of Trog.
  6597 | D:7      | Found a blossoming altar of Fedhas.
  6652 | D:7      | Found a shadowy altar of Dithmenos.
  6955 | D:7      | Found a glowing golden altar of the Shining One.
  7196 | D:8      | Reached XP level 10. HP: 86/86 MP: 10/10
  7202 | D:8      | Found a flagged portal.
  7217 | D:8      | Reached skill level 9 in Shapeshifting
  7581 | Bailey   | Entered a bailey
  8169 | D:8      | Found a radiant altar of Vehumet.
  8534 | D:8      | Noticed Psyche
  8553 | D:8      | Killed Psyche
  8696 | D:8      | Found a stormy altar of Qazlal.
  8712 | D:8      | Found a staircase to the Lair.
  8985 | D:9      | Reached skill level 10 in Shapeshifting
  9396 | D:9      | Noticed a cyclops
  9421 | D:9      | Killed a cyclops
  9877 | D:9      | Reached XP level 11. HP: 95/95 MP: 11/11
 10007 | D:9      | Found a hazy altar of Hepliaklqana.
 10230 | D:10     | Entered Level 10 of the Dungeon
 10306 | D:10     | Found a transporter.
 10730 | D:10     | Reached skill level 11 in Shapeshifting
 10838 | D:10     | Found a transporter.
 10858 | D:10     | Noticed Fodor's ghost (novice MiFi)
 11086 | D:10     | Found a sparkling altar of Nemelex Xobeh.
 11110 | D:10     | Noticed an occultist
 11238 | Lair:1   | Entered Level 1 of the Lair of Beasts
 11406 | Lair:1   | Noticed an oklob plant
 11889 | Lair:1   | Reached XP level 12. HP: 106/106 MP: 12/12
 12528 | Lair:2   | Reached skill level 12 in Shapeshifting
 12606 | Lair:2   | Reached skill level 10 in Fighting
 12703 | Lair:2   | Found a staircase to the Shoals.
 12710 | Lair:2   | Noticed a death yak
 12711 | Lair:2   | Noticed a death yak
 12711 | Lair:2   | Noticed a death yak
 12718 | Lair:2   | Killed a death yak
 12725 | Lair:2   | Killed a death yak
 12729 | Lair:2   | Killed a death yak
 13131 | Lair:2   | Found a hole to the Spider Nest.
 13152 | Lair:2   | Noticed Sonja
 13166 | Lair:2   | Killed Sonja
 13167 | Lair:2   | Reached skill level 10 in Unarmed Combat
 13966 | Lair:2   | Reached skill level 13 in Shapeshifting
 14632 | Lair:3   | Reached XP level 13. HP: 116/116 MP: 13/13
 15461 | D:10     | Bought a storm talisman for 1200 gold pieces
 16317 | Lair:4   | Reached skill level 10 in Dodging
 16752 | Lair:4   | Reached skill level 14 in Shapeshifting
 17597 | Lair:4   | Found a staircase to the Slime Pits.
 17962 | Lair:5   | Entered Level 5 of the Lair of Beasts
 18312 | Lair:5   | Reached XP level 14. HP: 61/126 MP: 14/14
 18570 | D:10     | Bought a dragon-blood talisman for 900 gold pieces
 19139 | Lair:5   | Identified the +6 trident of Starshine {freeze, rF+ Stlth+}
 19304 | Lair:5   | Reached skill level 15 in Shapeshifting
 20626 | D:11     | Found a staircase to the Orcish Mines.
 21962 | Orc:1    | Entered Level 1 of the Orcish Mines
 22210 | Orc:2    | Entered Level 2 of the Orcish Mines
 22460 | Orc:2    | Found a staircase to the Elven Halls.
 22516 | Orc:2    | Noticed an orc warlord
 24228 | Orc:2    | Killed an orc warlord
 24265 | Orc:2    | Noticed an orc warlord
 24541 | Orc:2    | Killed an orc warlord
 24627 | Orc:2    | Reached XP level 15. HP: 134/134 MP: 15/15
 24680 | Orc:2    | Reached skill level 16 in Shapeshifting
 25067 | Orc:2    | Found Ylush's General Store.
 25068 | Orc:2    | Found Ikaec's Jewellery Shop.
 25070 | Orc:2    | Found Piwk's Antique Armour Shop.
 25070 | Orc:2    | Found Qyixel's Antique Weapon Boutique.
 25130 | Orc:2    | Found Reploruc's Armour Emporium.
 25447 | Spider:1 | Entered Level 1 of the Spider Nest
 25616 | Spider:1 | Reached skill level 1 in Evocations
 27377 | Spider:2 | Noticed Arachne
 27403 | Spider:2 | Killed Arachne
 29090 | Spider:3 | Reached skill level 17 in Shapeshifting
 29372 | Spider:3 | Reached XP level 16. HP: 84/146 MP: 16/16
 30096 | Spider:4 | Entered Level 4 of the Spider Nest
 30597 | Shoals:1 | Entered Level 1 of the Shoals
 31186 | Shoals:1 | Found the +7 great mace "Undeadhunter" {deathbane, rN+}
 31230 | Shoals:1 | Reached skill level 5 in Evocations
 31284 | Shoals:1 | Noticed a kraken
 31300 | Shoals:1 | Killed a kraken
 31742 | Shoals:1 | Found a runed translucent door.
 31751 | Shoals:1 | Noticed Xonoschix's ghost (adept TeAE)
 32227 | Shoals:1 | Killed Xonoschix's ghost
 33660 | Shoals:2 | Identified the flux talisman of the Moon {rPois}
 33714 | Shoals:2 | Noticed Polyphemus
 33732 | Shoals:2 | Killed Polyphemus
 33733 | Shoals:2 | Reached skill level 15 in Fighting
 34150 | Shoals:3 | Identified the serpent talisman of Uchiegod {Dex+4 Slay+2}
 34150 | Shoals:3 | Noticed Aizul
 34169 | Shoals:3 | Reached skill level 18 in Shapeshifting
 34185 | Shoals:3 | HP: 4/202 [snapping turtle (12)]
 34186 | Shoals:3 | Succumbed to Aizul's bolt of poison

Illustrated notes

Levels and vault maps discovered:
D:1:      lightli_arrival_maybe_door_vault, layout_rooms,
          serial_co_window_serial, co_window_of_opportunity_a,
          co_window_paths_a, co_window_corner_a, co_window_of_opportunity_a,
          co_window_paths_b, co_window_paths_c, co_window_paths_c,
          co_window_of_opportunity_b, co_window_broadway_c,
          co_window_unsneaky_path_b, co_window_broadway_c,
          co_window_unsneaky_path_d, co_window_4corner_a, reono_crystal_passage,
          chequers_serial_rivers_micro_d, wander_ebering_terrifying_dragon_lair
D:2:      cheibrodos_greedy_goblins, layout_loops_corners, serial_shops,
          nicolae_shop_scrapyard, chequers_arboretum
D:3:      layout_loops_cross, lemuel_zombie_altar_yredelemnul,
          gammafunk_ghost_cemetery, portal_sewer_entry_e, kennysheep_nondescript
D:4:      layout_cave_pools, mainiacjoe_overflow_small_starburst,
          hellmonk_no_cap
D:5:      layout_layer_cave, nicolae_overflow_two_pavilions
D:6:      gammafunk_steamed_eel, layout_gridville,
          nicolae_ru_sacrificial_ziggurat, mainiacjoe_overflow_brackets,
          minmay_diced_spiral, uniq_maggie
D:7:      layout_rooms, nicolae_dithmenos_the_darkroom, trog_antimagical,
          mainiacjoe_overflow_paths, mainiacjoe_overflow_concentric_impassable,
          tso_metal_star, chequers_serial_rivers_small_b, roderic_batcave,
          minmay_misc_feat_columns
D:8:      layout_cave_pods, mainiacjoe_overflow_six_doors_small,
          kennysheep_little_box, due_lair_maze_entry_diamond, enter_bailey_5,
          uniq_psyche
D:9:      layout_irregular_city, mainiacjoe_overflow_surrounded_room
D:10:     layout_cave_pods, nemelex_diamond_rough_becter,
          gammafunk_ghost_abyssal_escape
D:11:     layout_basic, hiddenorc2_lemuel, minmay_misc_feat_square
D:12:     layout_irregular_city
Temple:   nicolae_temple_ecumenical_triangle
Lair:1:   layout_hall_layers, grunt_megastairs_5
Lair:2:   layout_regular_city, shoals_dummy_entry, spider_nest_entry_web_field,
          uniq_sonja
Lair:3:   layout_small_grid, nicolae_volcano_entry_batcave,
          nicolae_lair_lindhole, grunt_megastairs_4, infiniplex_staircase_pool
Lair:4:   layout_roguey, slime_entry_1
Lair:5:   gammafunk_lair_ancient_temple, layout_regular_city,
          serial_bayou_lake_a, lemuel_fruit_tree
Shoals:1: layout_shoals, ebering_ghost_inner_flame, centaur_isle
Shoals:2: layout_shoals, nicolae_shoals_water_booths, uniq_polyphemus
Shoals:3: layout_shoals, gammafunk_ghost_berserking_beasts,
          nicolae_alphabet_shops, uniq_aizul
Spider:1: layout_chambers
Spider:2: layout_spider_delve, uniq_arachne
Spider:3: layout_cave_pods
Spider:4: grunt_spider_rune_circles
Orc:1:    layout_caves, serial_shops, shop
Orc:2:    st_orc_congregation, layout_diamond_mine, serial_shops,
          nicolae_shop_hallway_plus, mines2_lemuel

Skill      XL: |  1  2  3  4  5  6  7  8  9 10 11 12 13 14 15 16 |
---------------+-------------------------------------------------+-----
Dodging        | 2 3 4 5 6 7 8 9 10 11 12 13 | 13.0
Fighting       | 2 3 4 5 7 8 9 11 12 13 14 15 | 15.1
Shapeshifting  | 4 5 6 7 8 10 11 13 14 15 17 18 | 18.0
Unarmed Combat | 4 5 6 7 8 9 10 11 12 13 14 | 14.2
Evocations     | 4 6 |  6.0

Action                     |  1- 3 |  4- 6 |  7- 9 | 10-12 | 13-15 | 16-18 || total
---------------------------+-------+-------+-------+-------+-------+-------++-------
  Melee: Unarmed           |   112 |   162 |   235 |   614 |  1029 |   291 ||  2443
         Tailslap          |    10 |    13 |     5 |       |   115 |    41 ||   184
         Punch             |     2 |     3 |       |       |    45 |    28 ||    78
         Constrict         |       |       |    55 |   120 |    69 |       ||   244
         Bite              |       |       |       |       |    73 |    39 ||   112
 Invoke: Call Merchant     |       |       |     1 |     1 |     1 |       ||     3
         Potion Petition   |       |       |       |       |       |     2 ||     2
         Bribe Branch      |       |       |       |       |       |     1 ||     1
Ability: Glacial Breath    |       |       |       |       |     6 |     2 ||     8
  Evoke: Wand              |       |       |       |       |     3 |     4 ||     7
         Tin of tremorston |       |       |       |       |     2 |     2 ||     4
         Sack of spiders   |       |       |       |       |       |     1 ||     1
         Phantom mirror    |       |       |       |       |       |     1 ||     1
    Use: Scroll            |     1 |     4 |     6 |    10 |    11 |     4 ||    36
         Potion            |       |     2 |     2 |     5 |     8 |     2 ||    19
   Stab: Sleeping          |     1 |     1 |       |     6 |       |       ||     8
         Distracted        |       |       |     1 |     2 |     8 |     2 ||    13
         Invisible         |       |       |       |       |     1 |       ||     1
 Armour: Skin              |    36 |    68 |   127 |   476 |   711 |   254 ||  1672
  Dodge: Dodged            |    57 |   142 |   165 |   593 |  1060 |   348 ||  2365
   Form: Flux              |       |     1 |       |       |       |       ||     1
         Serpent           |       |       |     1 |       |     1 |       ||     2
         Storm             |       |       |       |       |     3 |     1 ||     4
         Dragon            |       |       |       |       |     3 |     1 ||     4

Table legend: (Time is in decaauts)
 A = Elapsed time spent in this place.
 B = Non-inter-level travel time spent in this place.
 C = Inter-level travel time spent in this place.
 D = Time resting spent in this place.
 E = Time spent auto-exploring this place.
 F = Levels seen in this place.
 G = Mean time per level.
                   A        B        C        D        E       F      G
               +--------+--------+--------+--------+--------+-----+--------+
         Total |  33832 |  32549 |   1283 |   9590 |  17334 |  29 | 1166.6 |
       Dungeon |  12940 |  12150 |    790 |   1666 |   8446 |  12 | 1078.3 |
        Temple |     23 |     23 |      0 |      0 |      0 |   1 |   23.0 |
          Lair |   8209 |   7850 |    359 |   2835 |   3526 |   5 | 1641.8 |
        Shoals |   3507 |   3507 |      0 |   1471 |   1468 |   3 | 1169.0 |
   Spider Nest |   5052 |   4950 |    102 |   1578 |   2596 |   4 | 1263.0 |
  Orcish Mines |   3289 |   3258 |     31 |   2020 |    772 |   2 | 1644.5 |
         Sewer |    434 |    434 |      0 |      0 |    276 |   1 |  434.0 |
        Bailey |    374 |    374 |      0 |     20 |    250 |   1 |  374.0 |
               +--------+--------+--------+--------+--------+-----+--------+

Top non-repeatable levels by time:
  Lair:2: 2458 daAuts
Spider:1: 2217 daAuts
   Orc:1: 2076 daAuts
  Lair:4: 2003 daAuts
Shoals:2: 1769 daAuts
Shoals:1: 1698 daAuts
    D:10: 1565 daAuts
Spider:3: 1563 daAuts
     D:9: 1520 daAuts
     D:3: 1474 daAuts
  Lair:1: 1393 daAuts
     D:8: 1269 daAuts
  Lair:5: 1259 daAuts
Spider:2: 1248 daAuts
     D:1: 1219 daAuts
